 Dungeon Crawl Stone Soup version 0.31-a0-1068-g5939ac1fb6 (webtiles) character file.

Game seed: 18354349989109213958

490 Chiseanne the Trooper (level 6, 0/78 HPs)
             Began as a Demonspawn Wanderer on Nov 24, 2023.
             Succumbed to an orc wizard's poison
             ... on level 4 of the Dungeon.
             The game lasted 00:07:28 (3192 turns).

Chiseanne the Trooper (Demonspawn Wanderer)         Turns: 3192, Time: 00:07:29

Health: 0/78       AC: 27    Str: 15    XL:     6   Next: 90%
Magic:  7/7        EV:  2    Int: 13    God:
Gold:   140        SH:  0    Dex: 12    Spells: 6/7 levels left

rFire   . . .        s - +1 dagger (elec)
rCold   . . .        (no shield)
rNeg    . . .        c - melded +0 ring mail
rPois   +            (helmet currently unavailable)
rElec   .            (cloak currently unavailable)
rCorr   .            (gloves currently unavailable)
SInv    .            (boots currently unavailable)
Will    .....        (no amulet)
Stlth   +            j - +4 ring of protection
HPRegen 0.33/turn    (no ring)
MPRegen 0.10/turn

%: no passive effects
@: confused, lethally poisoned (0 -> -2), tree-form, on berserk cooldown,
attractive, slowed, very slow
A: stationary, stasis, torment immunity, boosted hp, (slimy green scales 1),
powered by pain 2, (weakness stinger 2)
a: no special abilities


You were on level 4 of the Dungeon.
You were a tree.
You visited 1 branch of the dungeon, and saw 4 of its levels.

You collected 140 gold pieces.

Inventory:

Hand Weapons
 a - a +4 dagger of protection
 s - a +1 dagger of electrocution (weapon)
Missiles
 h - 3 boomerangs
 k - 2 curare-tipped darts
 n - 31 stones
Armour
 c - a +0 ring mail (melded)
Magical Staves
 o - the staff "Widowermaker" {Drain rN+ Will+ Str+3 Int+7 Necro}
   (You found it on level 2 of the Dungeon)

   [staff of death]

   Base accuracy: +5 Base damage: 5 Base attack delay: 1.2 This weapon's minimum
   attack delay (0.6) is reached at skill level 12.
   Str+3:     It affects your strength (+3).
   Int+7:     It affects your intelligence (+7).
   rN+:       It protects you from negative energy.
   Will+:     It increases your willpower.
   Drain:     It drains your maximum health when unequipped.
   Necro:     It increases the power of your Necromancy spells.
   It falls into the 'Staves' category.
   It is a one-handed weapon.
Jewellery
 j - a +4 ring of protection (left branch)
Wands
 l - a wand of flame (28)
Scrolls
 d - a scroll of fog
 m - 3 scrolls of immolation
Potions
 e - a potion of lignification
 f - 2 potions of magic
 g - 2 potions of attraction
 i - a potion of enlightenment {unknown}
 p - a potion of heal wounds {unknown}


   Skills:
 * Level 5.9 Fighting
 * Level 3.5 Armour
 * Level 3.7 Dodging
 - Level 1.0 Spellcasting
 - Level 4.0 Hexes


You had 6 spell levels left.
You knew the following spells:

 Your Spells              Type           Power      Damage    Failure   Level
a - Slow                  Hex            44%        N/A       5%          1

Your spell library contained the following spells:

 Spells                   Type           Power      Damage    Failure   Level
 Summon Small Mammal      Summ           0%         N/A       28%         1
 Summon Guardian Golem    Hex/Summ       5%         N/A       36%         3
 Lesser Beckoning         Tloc           0%         N/A       38%         2
 Cause Fear               Hex            5%         N/A       47%         4
 Call Canine Familiar     Summ           0%         N/A       63%         3
 Gell's Gravitas          Tloc           0%         N/A       63%         3
 Teleport Other           Tloc           0%         N/A       63%         3
 Anguish                  Hex/Necr       2%         N/A       77%         4
 Enfeeble                 Hex            5%         N/A       100%        7


Dungeon Overview and Level Annotations

Branches:
Dungeon (4/15)
 Temple: D:4-7

Altars:

Shops:
D:2 (


Innate Abilities, Weirdness & Mutations

You are a tree.
Your roots penetrate the ground, keeping you stationary.
You cannot be teleported.
You are immune to unholy pain and torment.
Your maximum health is greatly increased.
Your equipment is partially melded.
((You are partially covered in slimy green scales. (AC +2)))
You sometimes gain power by taking damage.
((You have a tail ending in a sharp stinger.))


Message History

Something hits you but does no damage.
You are more poisoned.
You turn into a tree.
Your +0 ring mail melds into your body.
Your roots penetrate the ground.
* * * LOW HITPOINT WARNING * * *
You feel very sick. Something hits you but does no damage.
It was a potion of berserk rage.
A red film seems to cover your vision as you go berserk!
You feel yourself moving faster!
You feel mighty!
You feel very sick.
You hear some strange, mumbled words.
A magic dart appears from out of thin air!
The magic dart hits you.
* * * LOW HITPOINT WARNING * * *
You cannot move. (Use ctrl+direction or * direction to attack while stationary and confused.)
You cannot move. (Use ctrl+direction or * direction to attack while stationary and confused.)
You puncture something!
Reactivating autopickup.
You feel a bit more experienced.
* * * LOW HITPOINT WARNING * * *
You feel sick.
You are too berserk!
* * * LOW HITPOINT WARNING * * *
You feel sick.
You feel a strong urge to attack something.
* * * LOW HITPOINT WARNING * * *
You feel sick.
* * * LOW HITPOINT WARNING * * *
You feel sick.
You feel your anger nearly subside.
You are no longer berserk.
You are exhausted.
You feel yourself slow down.
* * * LOW HITPOINT WARNING * * *
You feel sick.
* * * LOW HITPOINT WARNING * * *
You feel sick.
It was a potion of attraction.
You feel attractive to monsters.
You die...

## .. #.
###.########
..........
......#
##.####....###
......)♣.....+
##.###...<.###
#.#.### #.#.#
....# ##.#..
#.### #.


There were no monsters in sight!

Vanquished Creatures
  Sigmund (D:2)
  An orc priest (D:3)
  3 orc wizards
  7 gnolls
  6 adders
  2 worms (D:2)
  A dart slug (D:1)
  7 orcs (D:3)
  14 ball pythons
  7 endoplasms
  5 giant cockroaches
  8 goblins
  7 hobgoblins
  A kobold (D:1)
  4 quokkas
  3 bats
  A frilled lizard (D:3)
  5 rats (D:1)
83 creatures vanquished.

Notes
Turn   | Place    | Note
-------+----------+-------------------------------------------
     0 | D:1      | Chiseanne the Demonspawn Wanderer began the quest for the
                  | Orb.
     0 | D:1      | Chiseanne set off with the following items: a +0 club, a
                  | scroll of vulnerability, a scroll of fear, a +0 leather
                  | armour, a potion of lignification; and the following spell
                  | memorised: Slow; and the following spells available to
                  | memorise: Summon Guardian Golem, Anguish.
     0 | D:1      | Reached XP level 1. HP: 19/19 MP: 2/2
   213 | D:1      | Gained mutation: You are partially covered in slimy green
                  | scales. (AC +2) [demonic ancestry]
   213 | D:1      | Reached XP level 2. HP: 25/25 MP: 3/3
   473 | D:1      | Reached skill level 1 in Armour
   599 | D:1      | Gained mutation: You sometimes gain a little power by
                  | taking damage. [demonic ancestry]
   599 | D:1      | Reached XP level 3. HP: 31/31 MP: 4/4
  1264 | D:2      | Gained mutation: You have a small tail. [demonic ancestry]
  1264 | D:2      | Reached XP level 4. HP: 32/38 MP: 5/5
  1303 | D:2      | Found Peetaa Hoock's Antique Weapon Shoppe.
  1784 | D:2      | Gained mutation: You have a tail ending in a sharp stinger.
                  | [demonic ancestry]
  1784 | D:2      | Reached XP level 5. HP: 43/43 MP: 6/6
  1797 | D:2      | Reached skill level 5 in Fighting
  1836 | D:2      | Noticed Sigmund
  1851 | D:2      | Killed Sigmund
  1852 | D:2      | Gained mutation: You sometimes gain power by taking damage.
                  | [demonic ancestry]
  1852 | D:2      | Reached XP level 6. HP: 51/51 MP: 7/7
  1889 | D:2      | Identified the staff "Widowermaker" {Drain rN+ Will+ Str+3
                  | Int+7 Necro}
  2311 | D:3      | Found a faded altar of an unknown god.
  3189 | D:4      | HP: 5/117 [poisoned by an orc wizard]
  3190 | D:4      | HP: 2/78 [poisoned by an orc wizard]
  3192 | D:4      | Succumbed to an orc wizard's poison

Illustrated notes

Levels and vault maps discovered:
D:1:      dpeg_arrival_court, layout_basic
D:2:      layout_loops_ring, serial_shops, shop, minmay_snake_closets,
          uniq_sigmund
D:3:      layout_basic, chequers_ecumenical_altar_island
D:4:      layout_loops_corners, portal_sewer_entry_b, nicolae_shop_self_help

Skill      XL: |  1  2  3  4  5 |
---------------+----------------+-----
Armour         | 1 2 3 |  3.5
Dodging        | 2 3 |  3.7
Fighting       | 5 |  5.9
Spellcasting   | |  1.0
Hexes          | |  4.0

Action                     |  1- 3 |  4- 6 || total
---------------------------+-------+-------++-------
  Melee: Club              |    25 |       ||    25
         Dagger            |   133 |   169 ||   302
         Punch             |     1 |     2 ||     3
         Tailslap          |       |    30 ||    30
    Use: Scroll            |     4 |     6 ||    10
         Potion            |       |     3 ||     3
   Stab: Sleeping          |       |     1 ||     1
 Armour: Leather armour    |    98 |    48 ||   146
         Ring mail         |       |    50 ||    50
         Skin              |       |     2 ||     2
  Dodge: Dodged            |    87 |    92 ||   179

Table legend: (Time is in decaauts)
 A = Elapsed time spent in this place.
 B = Non-inter-level travel time spent in this place.
 C = Inter-level travel time spent in this place.
 D = Time resting spent in this place.
 E = Time spent auto-exploring this place.
 F = Levels seen in this place.
 G = Mean time per level.
                   A        B        C        D        E       F      G
               +--------+--------+--------+--------+--------+-----+--------+
         Total |   3203 |   3098 |    105 |    320 |   1952 |   4 |  800.8 |
       Dungeon |   3203 |   3098 |    105 |    320 |   1952 |   4 |  800.8 |
               +--------+--------+--------+--------+--------+-----+--------+

Top non-repeatable levels by time:
     D:1: 1194 daAuts
     D:2: 1062 daAuts
     D:3: 918 daAuts
     D:4: 29 daAuts
